 Dungeon Crawl Stone Soup version 0.29.1-1-gd02db6906a (webtiles) character file.

Game seed: 13530002826503860505

3327 groovy9 the Fighter (level 10, -3/80 HPs)
             Began as a Djinni Conjurer on Sept 26, 2022.
             Was an Initiate of Ashenzari.
             Shot with a sling bullet by Joseph (15 damage)
             ... on level 8 of the Dungeon.
             The game lasted 00:32:07 (10876 turns).

groovy9 the Fighter (Djinni Conjurer)              Turns: 10876, Time: 00:32:08

Health: -3/80      AC: 10    Str:  9    XL:     10   Next: 21%
Gold:   300        EV: 10    Int: 25    God:    Ashenzari [......] SH:  0 Dex: 15

rFire   + + .      SeeInvis .   o - +8 whip of Ashenzari's Jealousy {vorpal, Fly rN+ MP-9 Str+3 Dex+4, Range, Self} (curse)
rCold   x . .      Faith    .   (no shield)
rNeg    + + .      Spirit   .   i - +2 ring mail {rN+}
rPois   ∞          Reflect  .   g - +1 helmet
rElec   .          Harm     .   (no cloak)
rCorr   .          Rampage  .   d - +0 pair of gloves
Will    +....                   (boots unavailable)
Stlth   +.........              (no amulet)
HPRegen 0.23/turn               (no ring)
MPRegen 0.00/turn               (no ring)

@: swift, flying, very slightly contaminated, quick
A: sickness immunity, fire resistance 2, cold vulnerability 1, float, innate
caster, HP casting, extra vitality 1
a: Renounce Religion, Curse Item, Shatter the Chains


You were on level 8 of the Dungeon.
You worshipped Ashenzari.
Ashenzari was noncommittal.
You visited 2 branches of the dungeon, and saw 10 of its levels.

You collected 358 gold pieces.
You spent 58 gold pieces at shops.

Inventory:

Hand Weapons
 o - the cursed +8 whip of Ashenzari's Jealousy (weapon) {vorpal, Fly rN+ MP-9 Str+3 Dex+4, Range, Self}
   (You found it on level 4 of the Dungeon)

   It inflicts extra damage upon your enemies.
   Str:       It affects your strength (+3).
   Dex:       It affects your dexterity (+4).
   rN:        It protects you from negative energy.
   MP:        It affects your magic capacity (-9).
   Fly:       It grants you flight.
   It has a curse which improves the following skills: Ranged Combat: Ranged
   Weapons and Throwing.
   Introspection: Fighting and Spellcasting.
Missiles
 x - 5 curare-tipped darts
Armour
 d - a +0 pair of gloves (worn)
 g - a +1 helmet (worn)
 i - a +2 ring mail of positive energy (worn)
Jewellery
 a - the ring of Pessimism {Fire Str+5 Int-3}
   (You found it on level 7 of the Dungeon)

   [ring of fire]

   It enhances your fire magic.
   Str:       It affects your strength (+5).
   Int:       It affects your intelligence (-3).
   rF:        It protects you from fire.
   rC:        It makes you vulnerable to cold.
 u - a ring of see invisible
Wands
 k - a wand of quicksilver (14)
 y - a wand of flame (7)
Scrolls
 e - 3 scrolls of teleportation
 m - 4 scrolls of enchant armour
 n - a scroll of magic mapping
 p - a scroll of silence
Potions
 b - 2 potions of attraction
 c - 7 potions of curing
 f - a potion of flight {unknown}
 h - 2 potions of brilliance {unknown}
 j - 4 potions of ambrosia
 l - a potion of lignification {unknown}
 q - a potion of heal wounds {unknown}
 r - a potion of berserk rage {unknown}
 s - 3 potions of mutation
 t - a potion of cancellation {unknown}
 v - 3 potions of resistance
 w - 2 potions of haste
 z - a potion of might {unknown}


   Skills:
 + Level 9.7(10.2) Fighting
 - Level 2.1 Dodging
 - Level 1.5 Stealth
 + Level 8.3(8.7) Spellcasting


You had 4 spell levels left.
You knew the following spells:

 Your Spells              Type           Power      Damage    Failure   Level
a - Magic Dart            Conj           100%       1d8       1%          1
b - Searing Ray           Conj           100%       2d8       1%          2
c - Dazzling Flash        Conj/Hex       100%       N/A       1%          3
d - Fulminant Prism       Conj/Hex       26%        3d14      4%          4
e - Iskenderun's Mystic   Conj/Tloc      53%        2d11      4%          4
f - Foxfire               Conj/Fire      100%       2x1d9     1%          1
g - Call Imp              Summ           53%        N/A       1%          2
h - Wereblood             Tmut           53%        N/A       1%          2
i - Swiftness             Air            53%        N/A       1%          3
Your spell library was empty.

Dungeon Overview and Level Annotations

Branches:
Dungeon (9/15)             Temple (1/1) D:4            Lair (0/5) D:8
    Orc: D:9-12

Altars:
Ashenzari
Cheibriados
Dithmenos
Elyvilon
Fedhas
Gozag
Hepliaklqana
Makhleb
Okawaru
Qazlal
Ru
Trog
Uskayaw
Wu Jian
Xom
Yredelemnul
Zin
The Shining One

Shops:
D:5 *   D:8 =

Annotations:
D:3 3 runed translucent doors, groovy9's ghost, amateur HOFi
D:8 Erica; Joseph
Temple 2 transporters


Innate Abilities, Weirdness & Mutations

You are immune to sickness and miasma.
You are immune to poison.
Your flesh is very heat resistant. (rF++)
You are vulnerable to cold. (rC-)
You float through the air rather than walking.
You learn spells naturally, not from books.
Your magical power is your life essence.
You have superior vitality. (+4 MHP)


Message History

You erupt in a blast of force!
The mystic blast hits Joseph!
Joseph is heavily wounded.
Joseph is knocked back by the mystic blast.
Joseph unwields a +0 quarterstaff.
Joseph wields a +0 sling.
Joseph shoots a sling bullet.
The sling bullet hits you but does no damage.
Casting: Iskenderun's Mystic Blast (dangerous; 4% risk of failure)
Confirm with . or Enter, or press ? or * to list all spells.
Aiming: Searing Ray (safe; 1% risk of failure)
Press: ? - help, Shift-Dir - straight line, f/p - Joseph
Aim: Joseph, wielding a +0 sling, wearing a +0 ring mail and quivering stones (heavily wounded, 85% to hit)
The searing ray hits Joseph!
Joseph is heavily wounded. (Press . to maintain the ray.)
The searing ray hits Joseph.
Joseph is severely wounded.
Joseph shoots a sling bullet.
The sling bullet hits you!
The searing ray hits Joseph.
Joseph is severely wounded.
Joseph shoots a sling bullet.
The sling bullet hits you!
The searing ray hits Joseph.
Joseph is severely wounded.
You finish channelling your searing ray.
Casting: Searing Ray (safe; 1% risk of failure)
Confirm with . or Enter, or press ? or * to list all spells.
You miscast Iskenderun's Mystic Blast.
You are very lightly contaminated with residual magic.
Nothing appears to happen.
Joseph shoots a sling bullet.
The sling bullet hits you!
* * * LOW HITPOINT WARNING * * *
Okay, then.
Okay, then.
Okay, then.
Casting: Iskenderun's Mystic Blast (dangerous; 4% risk of failure)
Confirm with . or Enter, or press ? or * to list all spells.
You feel quick.
* * * LOW HITPOINT WARNING * * *
Joseph shoots a sling bullet.
The sling bullet barely misses you.
Joseph shoots a sling bullet.
The sling bullet hits you!
You die...

.# #...#......#..#.........###♣
## #...#....#.#...##.##....#♣♣P#
####...#.##.#.#.#.##.#.......♣♣.
#^........#.#.#....#.#......♣♣P♣
#.........#...###..#.#......♣♣.♣
##.........###.# #..#.#......♣.♣♣
#.......#'####.# #....'.......♣P♣
'.......'......####.#.#......♣♣♣(
#.......##.....#@...#.#......♣ ♣
#................####.########♣♣
#...........##.@.............#.♣
#...................#.....##.#.♣♣
#.......###.........#.....##.#..♣
#.......# #.........#............
#.......# #.........'.......@..#.
###########.........#)#.##.....#.
#........##.........#.#.##.....#.


You could see Joseph.

Vanquished Creatures
  Psyche (D:8)
  Eustachio (D:5)
  Grum (D:8)
  2 water moccasins
  4 orc warriors
  A black bear (D:6)
  An ice beast (D:7)
  3 wolves (D:8)
  An ogre (D:5)
  A centaur (D:6)
  A phantom (D:5)
  5 bullfrogs
  A necrophage (D:4)
  Blork the orc (D:5)
  2 scorpions
  4 howler monkeys
  2 jellies
  5 orc priests
  6 iguanas
  6 orc wizards
  Robin (D:2)
  6 gnolls
  6 adders
  2 white imps
  A worm (D:2)
  5 dart slugs
  20 orcs
  12 endoplasms
  3 giant cockroaches
  12 goblins
  7 hobgoblins
  3 jackals (D:1)
  2 quokkas
  14 ball pythons
  4 bats
  A frilled lizard (D:1)
  8 kobolds
  A rat (D:1)
157 creatures vanquished.

Vanquished Creatures (collateral kills)
  A jelly (D:4)
  2 orcs (D:4)
3 creatures vanquished.

Vanquished Creatures (others)
  12 foxfires (D:5)
  2 fulminant prisms
  9 plants (D:8)
23 creatures vanquished.

Grand Total: 183 creatures vanquished

Notes
Turn   | Place    | Note
-------+----------+-------------------------------------------
     0 | D:1      | groovy9 the Djinni Conjurer began the quest for the Orb.
     0 | D:1      | groovy9 set off with the following spells memorised: Magic
                  | Dart, Searing Ray, Dazzling Flash, Fulminant Prism,
                  | Iskenderun's Mystic Blast.
     0 | D:1      | Reached XP level 1. HP: 15/15 MP: 0/0
   281 | D:1      | Reached skill level 1 in Fighting
   281 | D:1      | Reached XP level 2. HP: 13/22 MP: 0/0
   787 | D:1      | Reached XP level 3. HP: 26/27 MP: 0/0
   787 | D:1      | Learned a level 1 spell: Foxfire
  1645 | D:2      | Reached skill level 2 in Fighting
  1708 | D:2      | Noticed Robin
  1929 | D:2      | Found a sacrificial altar of Ru.
  1970 | D:2      | Reached XP level 4. HP: 27/33 MP: 0/0
  1982 | D:2      | Killed Robin
  2597 | D:2      | Found a faded altar of an unknown god.
  3025 | D:3      | Reached XP level 5. HP: 37/40 MP: 0/0
  3025 | D:3      | Learned a level 2 spell: Call Imp
  3115 | D:3      | Found a runed translucent gate.
  3115 | D:3      | Found a runed translucent gate.
  3115 | D:3      | Found a runed translucent gate.
  3115 | D:3      | Noticed groovy9's ghost (amateur HOFi)
  3857 | D:4      | Reached skill level 3 in Fighting
  3903 | D:4      | Found a staircase to the Ecumenical Temple.
  3907 | Temple   | Entered the Ecumenical Temple
  3907 | Temple   | Found a transporter.
  3907 | Temple   | Found a transporter.
  3909 | Temple   | Found a transporter.
  3909 | Temple   | Found a transporter.
  3953 | D:4      | Reached XP level 6. HP: 21/46 MP: 0/0
  4415 | D:4      | Reached skill level 4 in Fighting
  4593 | D:4      | Reached XP level 7. HP: 44/53 MP: 0/0
  4593 | D:4      | Learned a level 2 spell: Wereblood
  4812 | D:4      | Reached skill level 5 in Spellcasting
  4955 | D:4      | Identified the +8 whip of the Moon {vorpal, Fly rN+ MP-9
                  | Str+3 Dex+4}
  5096 | D:4      | Found a shimmering altar of Xom.
  5469 | Temple   | Became a worshipper of Ashenzari the Shackled
  5528 | D:5      | Entered Level 5 of the Dungeon
  5591 | D:5      | Reached skill level 5 in Fighting
  5612 | D:5      | Noticed Blork the orc
  5618 | D:5      | Killed Blork the orc
  5997 | D:5      | Reached XP level 8. HP: 56/61 MP: 0/0
  6278 | D:5      | Reached skill level 6 in Fighting
  6360 | D:5      | Found a hide-covered altar of Uskayaw.
  6489 | D:5      | Found Byxawn's Assorted Antiques.
  6493 | D:5      | Bought a ruby potion for 18 gold pieces
  6571 | D:5      | Noticed Eustachio
  6587 | D:5      | Killed Eustachio
  6659 | D:5      | Found a faded altar of an unknown god.
  6661 | D:5      | Found a hazy altar of Hepliaklqana.
  6707 | D:5      | Bought a scroll labelled MALIUN BYN for 20 gold pieces
  6707 | D:5      | Bought a scroll labelled CENNEA UJUCAVAM for 20 gold pieces
  7193 | D:6      | Reached skill level 7 in Fighting
  7194 | D:6      | HP: 2/64 [white imp/puff of frost (6)]
  7746 | D:6      | Reached XP level 9. HP: 46/68 MP: 0/0
  7746 | D:6      | Learned a level 3 spell: Swiftness
  8329 | D:7      | Noticed an eight-headed hydra
  8414 | D:7      | Reached skill level 8 in Fighting
  9258 | D:7      | Identified the ring of Pessimism {Fire Str+5 Int-3}
  9479 | D:8      | Found a staircase to the Lair.
  9555 | D:8      | Noticed Grum
  9571 | D:8      | Killed Grum
  9784 | D:8      | Noticed Erica
  9852 | D:8      | Noticed Psyche
  9888 | D:8      | Killed Psyche
  9889 | D:8      | Reached skill level 9 in Fighting
  9889 | D:8      | Reached XP level 10. HP: 68/79 MP: 0/0
 10289 | D:8      | Found Hiug Owk's Jewellery Shoppe.
 10849 | D:8      | Noticed Joseph
 10876 | D:8      | Shot with a sling bullet by Joseph

Illustrated notes

Levels and vault maps discovered:
D:1:      psy_arrival_radial01, layout_loops_ring, palyth_stone_intersect
D:2:      layout_rooms, basic_altar, chequers_ecumenical_altar_grove,
          serial_bayou_pond_d, minivault_23, uniq_robin
D:3:      layout_basic, gammafunk_ghost_necromancy
D:4:      nicolae_cairo_tiling_large_dashed, layout_cave_pods,
          mainiacjoe_overflow_alcove_2
D:5:      layout_basic, eat_drink_and_be_merry_uskayaw,
          beargit_hepliaklqana_dungeon_heroes, serial_shops,
          nicolae_shop_window_shopping, uniq_blork_the_orc, uniq_eustachio
D:6:      layout_rooms
D:7:      layout_gridville, minivault_25, dk_vineyard_1
D:8:      layout_basic, lair_entry_dummy, serial_shops, kennysheep_mini,
          wad_woods_river_04, uniq_grum, uniq_joseph, uniq_erica, uniq_psyche
D:9:      layout_small_grid, serial_rivers, chequers_serial_rivers_room_a,
          chequers_serial_rivers_micro_e, chequers_serial_rivers_micro_c,
          chequers_serial_rivers_small_3, chequers_serial_rivers_micro_b,
          chequers_serial_rivers_marsh, enter_bailey_1, uniq_harold
Temple:   hellmonk_temple_divided_pantheon

Skill      XL: |  1  2  3  4  5  6  7  8  9 10 |
---------------+-------------------------------+-----
Fighting       | 1 2 3 4 5 7 9 |  9.7
Spellcasting   | 4 5 6 7 8 |  8.3
Dodging        | |  2.1
Stealth        | |  1.5

Action                   |  1- 3 |  4- 6 |  7- 9 | 10-12 || total
-------------------------+-------+-------+-------+-------++-------
 Cast: Magic Dart        |    71 |    68 |    59 |    17 ||   215
       Searing Ray       |     5 |    24 |    46 |    18 ||    93
       Iskenderun's Myst |       |     1 |    20 |     6 ||    27
       Foxfire           |       |       |     6 |       ||     6
       Call Imp          |       |       |     3 |     1 ||     4
       Fulminant Prism   |       |       |     1 |     1 ||     2
       Swiftness         |       |       |     1 |     1 ||     2
Invok: Curse Item        |       |       |     1 |       ||     1
  Use: Scroll            |       |    10 |    12 |       ||    22
Armor: Robe              |     1 |     3 |     8 |       ||    12
       Ring mail         |       |       |     7 |     5 ||    12
Dodge: Dodged            |    11 |     9 |    16 |     4 ||    40
